Construct Infanterie Kompanie
Selects Breakthrough Battlegroup
Selects Assault Grenadiers
Infanterie Officer Quarters
Construct Panzergrenadier Kompanie
Selects Mechanized Assault Group
Nebelwerfer 42 Rocket Launcher Team
Panzergrenadier Officer Quarters
Selects Panzer IV Command Tank Sd.Kfz. 161/1
Nebelwerfer 42 Rocket Launcher Team
Nebelwerfer 42 Rocket Launcher Team
Nebelwerfer 42 Rocket Launcher Team
Nebelwerfer 42 Rocket Launcher Team
Nebelwerfer 42 Rocket Launcher Team